 Dungeon Crawl Stone Soup version 0.18.1-47-g9310371 (console) character file.

723 Kloppie the Inquisitive (level 7, -4/62 HPs)
             Began as a Deep Dwarf Artificer on June 15, 2016.
             Was a Follower of Pakellas.
             Killed by divine providence
             ... invoked by an orc priest
              (12 damage)
             ... on level 5 of the Dungeon.
             The game lasted 00:11:11 (3327 turns).

Kloppie the Inquisitive (Deep Dwarf Artificer)      Turns: 3327, Time: 00:11:11

Health: -4/62      AC:  9    Str: 14    XL:     7   Next: 43%
Magic:  3/11       EV: 11    Int: 14    God:    Pakellas [*.....]
Gold:   232        SH:  0    Dex: 14    Spells: 0 memorised, 6 levels left

rFire  . . .     SeeInvis .     a - +0 hand axe
rCold  . . .     Gourm    .     v - +0 scale mail
rNeg   . . .     Faith    .     (no shield)
rPois  .         Spirit   .     r - +0 helmet
rElec  .         Dismiss  .     (no cloak)
rCorr  .         Reflect  .     b - +0 pair of gloves
SustAt .         Harm     .     J - +0 pair of boots
MR     +....                    (no amulet)
Stlth  ..........               (no ring)
                                (no ring)

@: non-regenerating, somewhat resistant to hostile enchantments, extremely
unstealthy
A: damage resistance, recharge devices, sense surroundings 1, slow regeneration
3
a: Device Recharging, Quick Charge, Renounce Religion


You were on level 5 of the Dungeon.
You worshipped Pakellas.
Pakellas was aware of your devotion.
You were not hungry.

You visited 1 branch of the dungeon, and saw 5 of its levels.

You collected 232 gold pieces.

Inventory:

Hand Weapons
 a - a +0 hand axe (weapon)
 A - a +0 war axe
Armour
 b - a +0 pair of gloves (worn)
 r - a +0 helmet (worn)
 v - a +0 scale mail (worn)
 J - a +0 pair of boots (worn)
Jewellery
 m - a +5 ring of intelligence {unknown}
Wands
 c - a wand of flame (0/48)
 d - a wand of enslavement (13/24)
 e - a wand of random effects (14/48)
 f - a wand of heal wounds (0/9)
 D - a wand of slowing (27/48)
Scrolls
 l - 2 scrolls of enchant armour {unknown}
 n - 3 scrolls of random uselessness {unknown}
 o - 2 scrolls of noise {unknown}
 s - a scroll of blinking {unknown}
 x - 2 scrolls of teleportation {unknown}
 y - a scroll of recharging {unknown}
 z - a scroll of enchant weapon {unknown}
 B - 2 scrolls of identify {unknown}
 C - a scroll of amnesia {unknown}
 F - a scroll of remove curse {unknown}
Potions
 h - 2 potions of curing {unknown}
 k - 2 potions of magic {unknown}
 p - 2 potions of haste {unknown}
 q - a potion of flight {unknown}
 t - a potion of berserk rage {unknown}
 u - 4 potions of heal wounds {unknown}
 w - a potion of might {unknown}
 E - 2 potions of agility {unknown}
 G - a potion of brilliance {unknown}
 K - a potion of lignification {unknown}
Comestibles
 g - 5 bread rations
 i - 2 meat rations
 j - a beef jerky
 H - 3 fruits
 I - 3 chunks of flesh


   Skills:
 + Level 3.5 Fighting
   Level 0.8 Short Blades
 + Level 4.3 Axes
 + Level 5.2 Dodging
 - Level 1.2 Stealth
 * Level 6.4 Evocations


You had 6 spell levels left.
You didn't know any spells.

Dungeon Overview and Level Annotations

Branches:
Dungeon (5/15)             Temple (0/1) D:4

Altars:
Cheibriados
Gozag
Nemelex Xobeh
Pakellas
Sif Muna
Xom
Yredelemnul
The Shining One


Innate Abilities, Weirdness & Mutations

You are resistant to damage.
You can recharge devices by infusing magical energy.
You passively map a small area around you.
You do not regenerate naturally.


Message History

Pakellas accepts your kill.
Your Dodging skill increases to level 5!
Your Evocations skill increases to level 6!
K - a smoky brown potion
Found an escape hatch in the ceiling.
Found a hand axe.
An orc priest comes into view. It is wielding a hand axe.
The orc priest shouts!
You start waiting.
The orc priest mumbles some strange prayers to Beogh against you.
Beogh smites you!
* * * LOW HITPOINT WARNING * * *
You barely miss the orc priest. The orc priest barely misses you.
You hit the orc priest but do no damage.
The orc priest closely misses you.
You hit the orc priest but do no damage.
The orc priest mumbles some strange prayers to Beogh against you.
Beogh smites you!
You die...
Pakellas says: Time to find a new assistant...

,, .o......... , ,
,,,.......... , , , ,
......... *... * , *
#....###+ #..#
##########o...##..##..#
#.......#.....#........
#.......#....)#........
##.....##...<.##.......
##....@##.....##.......
#......o......#........
#.............##..##...
#.............##+###...
#......................
#......................
#......#########......#
#......##.....##<.....#
#......................


You could see an orc priest.

Vanquished Creatures
  Grinder (D:5)
  Edmund (D:5)
  An ogre (D:5)
  An orc priest (D:3)
  An orc wizard (D:3)
  3 worker ants (D:4)
  6 adders
  3 gnolls
  An adder skeleton (D:5)
  3 worms
  2 dart slugs (D:2)
  3 giant geckos
  8 orcs
  A ball python (D:3)
  4 bats
  3 giant cockroaches
  10 goblins
  9 hobgoblins
  2 jackals (D:1)
  A quokka (D:2)
  7 giant newts
  4 kobolds
  A quokka skeleton (D:4)
  12 rats
88 creatures vanquished.

Vanquished Creatures (collateral kills)
  A gnoll (D:2)
1 creature vanquished.

Vanquished Creatures (others)
  A gnoll (D:2)
1 creature vanquished.

Grand Total: 90 creatures vanquished

Notes
Turn   | Place    | Note
--------------------------------------------------------------
     0 | D:1      | Kloppie the Deep Dwarf Artificer began the quest for the Orb.
     0 | D:1      | Reached XP level 1. HP: 16/16 MP: 3/3
    60 | D:1      | Reached skill level 1 in Fighting
   164 | D:1      | Reached XP level 2. HP: 20/25 MP: 5/5
   230 | D:1      | Reached skill level 1 in Axes
   434 | D:1      | Reached XP level 3. HP: 32/32 MP: 6/6
   647 | D:2      | Found an oddly glowing altar of Pakellas.
   648 | D:2      | Found a glowing golden altar of the Shining One.
   648 | D:2      | Found a deep blue altar of Sif Muna.
   691 | D:2      | Found a shimmering altar of Xom.
   695 | D:2      | Became a worshipper of Pakellas the Inventive
   763 | D:2      | Reached XP level 4. HP: 34/39 MP: 7/7
   899 | D:2      | Found a sparkling altar of Nemelex Xobeh.
  1269 | D:3      | Reached * piety under Pakellas
  1269 | D:3      | Received a gift from Pakellas
  1269 | D:3      | Reached XP level 5. HP: 30/46 MP: 8/8
  1417 | D:3      | Found an opulent altar of Gozag.
  2507 | D:4      | Reached XP level 6. HP: 31/55 MP: 9/9
  2629 | D:4      | Found a staircase to the Ecumenical Temple.
  2680 | D:4      | Found a snail-covered altar of Cheibriados.
  2758 | D:4      | Found a basalt altar of Yredelemnul.
  2777 | D:5      | Entered Level 5 of the Dungeon
  2798 | D:5      | Noticed Edmund
  2913 | D:5      | Killed Edmund
  2913 | D:5      | Reached skill level 5 in Evocations
  3101 | D:5      | Noticed Grinder
  3135 | D:4      | Reached XP level 7. HP: 37/62 MP: 3/11
  3260 | D:5      | Paralysed by Grinder for 7 turns
  3277 | D:5      | Killed Grinder
  3277 | D:5      | Reached skill level 5 in Dodging
  3277 | D:5      | Reached skill level 6 in Evocations
  3327 | D:5      | Killed from afar by an orc priest

Skill      XL: |  1  2  3  4  5  6  7 |
---------------+----------------------+-----
Fighting       | 1 2 3 |  3.5
Axes           | 1 2 3 4 |  4.3
Dodging        | 3 4 5 |  5.2
Evocations     | 5 6 |  6.4
Short Blades   | |  0.8
Stealth        | |  1.2

Action                   |  1- 3 |  4- 6 |  7- 9 || total
-------------------------+-------+-------+-------++-------
Melee: Hand axe          |   118 |   401 |     7 ||   526
       Short sword       |     9 |       |       ||     9
Invok: Quick Charge      |       |     3 |       ||     3
Evoke: Wand              |     9 |    27 |     9 ||    45
  Eat: Chunk             |       |     9 |       ||     9
Armor: Leather armour    |    29 |       |       ||    29
       Scale mail        |    21 |   157 |     4 ||   182
Dodge: Dodged            |    91 |   200 |     5 ||   296
